Map: Glittering Ashes LE

Players

Koda

  • Race: Terran Terran
  • League: Grandmaster
  • Spawn Location: 1:00

PiG - Winner!

  • Race: Terran Terran
  • League: Grandmaster
  • Spawn Location: 7:00

VOD

https://www.youtube.com/watch?v=J2pIZNCtIis

Description

Time

  • Played on: July 12, 2022, 8:50 p.m.
  • Length: 10:45
Show
View Real Time Build Order
Export as new Build Order

Koda Terran 

Build Orders: Gas First Reaper Expand 

Get SALT Encoding   

  12  0:00  SCV  
  13  0:12  SCV  
  14  0:17  Supply Depot  
  14  0:24  SCV  
  14  0:28  Refinery  
  15  0:41  Barracks  
  15  0:45  SCV  
  16  0:57  SCV  
  17  1:09  SCV  
  18  1:21  SCV  
  19  1:28  Reaper  
  20  1:33  Orbital Command  
  20  1:45  Command Center  
  20  1:58  Factory  
  20  2:00  SCV  
  21  2:05  Barracks Reactor  
  21  2:13  SCV, Supply Depot  
  22  2:24  Barracks  
  22  2:25  SCV  
  23  2:37  SCV  
  24  2:49  Hellion, SCV  
  24  2:50  Hellion, Barracks Tech Lab, Refinery  
  29  2:58  Orbital Command  
  29  3:11  Hellion x2  
  33  3:14  Barracks Tech Lab  
  33  3:16  SCV  
  33  3:17  Orbital Command  
  34  3:28  SCV  
  34  3:31  Supply Depot  
  34  3:34  Engineering Bay  
  35  3:36  Marine  
  35  3:37  Stimpack  
  35  3:39  Marine x2  
  38  3:42  SCV  
  38  3:48  Cyclone  
  42  3:51  SCV  
  42  3:54  SCV  
  44  3:56  Marine  
  44  4:00  Starport  
  45  4:03  SCV  
  45  4:05  Marine x2  
  45  4:07  SCV  
  49  4:14  Supply Depot  
  49  4:15  SCV  
  50  4:17  Marine  
  50  4:20  SCV  
  50  4:22  Terran Infantry Weapons Level 1  
  52  4:26  Marine x2  
  54  4:36  SCV x2  
  54  4:37  Supply Depot x2  
  54  4:38  Starport Reactor  
  56  4:42  Marine  
  57  4:48  SCV, Marine x2  
  57  4:49  SCV  
  57  4:52  Supply Depot  
  61  5:00  SCV, Marine  
  61  5:01  SCV  
  61  5:05  Marine  
  65  5:09  Marine  
  65  5:12  SCV  
  65  5:13  SCV  
  68  5:16  Medivac x2  
  71  5:22  Marine  
  71  5:24  SCV, Combat Shield  
  71  5:26  Marine  
  71  5:27  SCV  
  75  5:31  Marine, Command Center  
  76  5:39  SCV x2  
  76  5:40  Marine  
  76  5:41  Siege Tank  
  82  5:44  Supply Depot  
  82  5:47  Supply Depot, Marine  
  83  5:51  SCV x2  
  83  5:53  Marine  
  86  6:04  Barracks, Marine  
  86  6:05  SCV, Supply Depot  
  86  6:06  SCV  
  86  6:09  Marine  
  92  6:14  Marine  
  91  6:19  SCV x2  
  91  6:21  Engineering Bay  
  91  6:22  Armory  
  93  6:25  Marine  
  93  6:27  Marine  
  93  6:28  Starport Reactor  
  93  6:31  SCV x2  
  97  6:35  Marine  
  98  6:41  Supply Depot  
  98  6:43  SCV, Marine  
  98  6:45  Barracks  
  98  6:46  Barracks, SCV, Refinery  
  101  6:49  Marine  
  101  6:50  SCV  
  103  6:55  SCV  
  103  6:58  SCV, Marine  
  103  7:01  Marine  
  104  7:02  SCV  
  104  7:09  Marine x2  
  104  7:10  Medivac, Siege Tank, Marine  
  112  7:20  SCV  
  112  7:22  Marine x2  
  111  7:24  SCV  
  111  7:29  Orbital Command  
  108  7:31  Supply Depot  
  108  7:32  SCV, Marine x2  
  108  7:34  Terran Infantry Weapons Level 2  
  108  7:36  SCV  
  112  7:40  Marine  
  112  7:41  Barracks Reactor  
  112  7:42  Siege Tank  
  112  7:44  SCV  
  117  7:47  Supply Depot  
  117  7:48  SCV, Marine  
  117  7:51  Barracks Reactor  
  119  7:56  SCV  
  119  7:57  SCV  
  121  8:00  Barracks Reactor  
  121  8:01  Marine x3  
  121  8:03  SCV  
  121  8:04  Marine  
  125  8:06  Marine  
  125  8:10  Medivac  
  125  8:11  SCV  
  129  8:16  Supply Depot  
  129  8:17  Missile Turret  
  129  8:18  Missile Turret  
  129  8:19  Marine x3, Missile Turret  
  132  8:20  Siege Tank  
  132  8:22  Marine  
  132  8:23  SCV  
  132  8:24  Marine  
  132  8:27  Marine x2  
  135  8:35  Marine x2  
  135  8:37  Marine x3  
  132  8:42  Marine  
  132  8:44  Marine  
  132  8:45  Marine  
  123  8:51  SCV  
  123  8:52  Siege Tank  
  123  8:53  Marine x2  
  123  8:54  Marine  
  123  8:55  SCV x2  
  130  8:58  Barracks x2  
  130  9:00  Barracks x2  
  130  9:01  Barracks, Marine x3  
  130  9:02  Marine  
  112  9:05  Marine  
  112  9:08  SCV  
  113  9:15  Armory  
  113  9:16  SCV  
  114  9:18  Marine x3  
  114  9:21  SCV  
  114  9:24  Marine x2  
  116  9:27  Marine x3  
  116  9:30  Refinery, SCV  
  116  9:31  Refinery, Command Center  
  117  9:36  Marine x2  
  117  9:38  Marine  
  113  9:42  Marine x2  
  113  9:43  SCV x2  
  113  9:44  Marine  
  113  9:45  Marine x2  
  106  9:48  Marine x5  
  111  9:54  Marine x2  
  113  10:03  Marine x6  
  113  10:05  Marine  
  113  10:06  Marine x2  
  113  10:07  SCV  
  115  10:09  Marine  
  115  10:11  Marine  
  115  10:12  SCV x2, Marine  
  118  10:20  Marine x2  
  118  10:21  Marine x4  
Show
View Real Time Build Order
Export as new Build Order

PiG Terran - Winner!

Build Orders:  

Get SALT Encoding   

  12  0:00  SCV  
  13  0:12  SCV  
  14  0:18  Supply Depot  
  14  0:24  SCV  
  15  0:39  SCV  
  15  0:41  Barracks  
  16  0:45  Refinery  
  16  0:51  SCV  
  17  1:03  SCV  
  18  1:16  SCV  
  19  1:28  Orbital Command  
  19  1:29  Barracks Reactor  
  19  1:43  Command Center  
  19  1:54  SCV  
  19  1:58  Supply Depot  
  20  2:05  Marine x2  
  20  2:07  SCV  
  23  2:20  SCV  
  24  2:25  Factory  
  24  2:26  Barracks  
  24  2:28  Marine  
  25  2:30  Marine  
  25  2:33  SCV  
  27  2:38  Refinery  
  27  2:45  SCV  
  28  2:53  Marine x2  
  28  2:57  Orbital Command  
  30  2:58  SCV  
  31  3:09  Factory Tech Lab  
  31  3:10  SCV  
  32  3:13  Marine x2  
  32  3:15  Barracks Tech Lab  
  34  3:23  SCV x2, Supply Depot  
  36  3:28  Cyclone  
  39  3:35  SCV  
  39  3:37  SCV  
  39  3:38  Marine x2  
  43  3:41  Combat Shield  
  43  3:48  SCV  
  44  3:49  SCV  
  44  3:54  Supply Depot  
  45  3:56  Marine x2  
  45  4:00  SCV  
  45  4:01  SCV  
  49  4:09  Marine  
  49  4:10  Siege Tank  
  49  4:12  SCV  
  49  4:15  Marine  
  49  4:16  SCV  
  56  4:19  Supply Depot  
  56  4:22  Marine  
  58  4:24  SCV  
  58  4:27  Marine  
  58  4:28  Starport  
  58  4:29  Barracks  
  59  4:33  Marine  
  59  4:35  SCV  
  59  4:36  SCV  
  62  4:40  Marine  
  62  4:43  Refinery  
  62  4:45  Marine  
  63  4:46  Engineering Bay  
  63  4:49  Siege Tank  
  63  4:51  SCV x2  
  69  4:53  Marine  
  70  5:04  Supply Depot x2  
  70  5:05  Starport Reactor  
  70  5:17  Terran Infantry Weapons Level 1  
  70  5:25  SCV x2, Marine x3  
  70  5:26  Siege Tank, Supply Depot  
  70  5:27  Supply Depot, Stimpack  
  79  5:38  SCV  
  79  5:42  Barracks Reactor  
  79  5:43  Medivac, Marine x3  
  83  5:51  Barracks  
  83  5:52  Supply Depot  
  83  5:56  Barracks  
  83  6:00  Supply Depot  
  83  6:01  Marine x3  
  86  6:18  Marine x3  
  86  6:20  Marine x2  
  86  6:21  Siege Tank  
  93  6:30  Medivac  
  93  6:31  Medivac  
  96  6:35  Supply Depot  
  96  6:36  Marine x3  
  96  6:37  Supply Depot  
  96  6:39  Marine x3  
  101  6:42  Marine  
  102  6:53  Siege Tank  
  105  6:54  Marine x2  
  100  7:08  Marine x2  
  100  7:09  Marine  
  100  7:11  Marine x2  
  100  7:12  Marine x2  
  100  7:13  Medivac  
  102  7:20  SCV  
  98  7:25  Siege Tank  
  98  7:26  Marine x2  
  98  7:28  SCV  
  98  7:29  Marine x2  
  107  7:30  Marine x2  
  107  7:32  Medivac  
  111  7:41  Marine  
  111  7:44  Marine  
  111  7:47  Marine x2  
  111  7:48  Marine x2  
  116  7:57  Siege Tank  
  119  7:59  Marine  
  119  8:02  Marine  
  119  8:05  Marine x3  
  123  8:06  Marine  
  125  8:17  Marine  
  126  8:20  Marine  
  126  8:23  Marine x3  
  130  8:28  Marine  
  130  8:29  Siege Tank  
  134  8:39  Marine  
  132  8:45  Medivac  
  132  8:46  Marine  
  126  8:49  Marine x2  
  126  8:50  Marine x2  
  129  8:57  Marine  
  129  9:02  Siege Tank  
  122  9:03  Marine  
  122  9:07  Marine x2  
  122  9:08  Marine x2  
  123  9:15  Marine  
  121  9:21  Marine  
  119  9:24  Marine  
  119  9:25  Marine  
  119  9:26  Marine x2  
  120  9:32  Marine  
  120  9:34  Siege Tank  
  120  9:37  Viking x2  
  128  9:39  Marine  
  128  9:42  Marine x2  
  128  9:43  Marine x2  
  131  9:50  Marine  
  132  9:57  Marine  
  133  10:00  Marine  
  133  10:02  Marine  
  133  10:03  Marine x2  
  133  10:06  Siege Tank  
  134  10:08  Marine  
  134  10:15  Marine  
  134  10:18  Marine  
  134  10:20  Marine  
  131  10:21  Marine x2  
  131  10:26  Marine  
Tags
 
Add a new tag
Caveats
  • Supply blocks, unpowered buildings, or Contaminate may cause inaccurate times.
  • Supply counts are checked every 10 seconds.